 Dungeon Crawl Stone Soup version 0.13-a0-2174-g3a0f4b0 (webtiles) character file.

40640 JacquesDerrida the Fencer (level 13, -4/89 HPs)
             Began as a Demonspawn Gladiator on July 1, 2013.
             Was a Priest of Ashenzari.
             Slain by a spiny frog (20 damage)
             ... on Level 8 of the Lair of Beasts.
             The game lasted 01:42:40 (21359 turns).

JacquesDerrida the Fencer (Demonspawn Gladiator)   Turns: 21359, Time: 01:42:40

HP  -4/89        AC 13     Str 23      XL: 13   Next: 58%
MP  12/12        EV 19     Int 13      God: Ashenzari [***...]
Gold 671         SH  0     Dex 16      Spells:  0 memorised, 12 levels left

Res.Fire  : + . .   See Invis. : +   d - +2 scimitar (flame)
Res.Cold  : + + .   Warding    : .   h - +2 leather armour {rC+}
Life Prot.: . . .   Conserve   : .   (no shield)
Res.Poison: .       Res.Corr.  : .   T - +0 cap
Res.Elec. : .       Clarity    : +   (no cloak)
Sust.Abil.: . .     Spirit.Shd : .   j - +2 pair of gauntlets {Str+3}
Res.Mut.  : .       Stasis     : .   O - +0 pair of boots
Res.Rott. : .       Flight     : .   s - amulet of the gourmand
Gourmand  : +                        o - cursed +4 ring of strength
                                     k - cursed ring of the Turtledove {Regen rF+ I

@: somewhat resistant to hostile enchantments, unstealthy
A: horns 2, cold resistance 1, conserve potions, powered by pain 2, AC +3, Int
-2, Dex +1
a: Renounce Religion


You were on level 8 of the Lair of Beasts.
You worshipped Ashenzari.
Ashenzari was greatly pleased with you.
You were not hungry.

You visited 3 branches of the dungeon, and saw 20 of its levels.
You also visited: Labyrinth.

You collected 999 gold pieces.
You spent 348 gold pieces at shops.

Inventory:

Hand weapons
 d - a +2,+2 scimitar of flaming (weapon)
 L - a +2,+2 scimitar of electrocution
Missiles
 p - a throwing net (quivered)
Armour
 h - a +2 leather armour of cold resistance (worn)
 j - a +2 pair of gauntlets of strength (worn)
 v - the cursed -1 ring mail of Pragmatism {Acc+4 Stlth}
   (You found it on level 3 of the Lair of Beasts)

   It affects your accuracy (+4).
   It makes you more stealthy.
   It has a curse placed upon it.
 O - a +0 pair of boots (worn)
 T - a +0 cap (worn)
Magical devices
 g - a wand of confusion (16)
 F - a wand of draining (0)
 G - a wand of confusion (6)
 J - a wand of draining (0)
 Q - a wand of disintegration (0)
 R - a wand of cold (0)
 W - a wand of fireball (3)
 X - a wand of disintegration (10)
 Z - a wand of digging (7) {unknown}
Comestibles
 f - 4 bread rations
 H - an apple
 N - a pear
Scrolls
 e - 3 scrolls of amnesia {unknown}
 l - a scroll of curse armour
 n - 3 scrolls of enchant armour
 y - a scroll of teleportation
 B - 3 scrolls of identify
 M - a scroll of remove curse
 S - 3 scrolls of magic mapping
Jewellery
 a - a +6 ring of strength
 i - an uncursed ring of see invisible
 k - the cursed ring of the Turtledove (left hand) {Regen rF+ Int+2}
   (You found it in a labyrinth)

   [ring of regeneration]

   It affects your intelligence (+2).
   It protects you from fire.
   It has a curse placed upon it.
 o - a cursed +4 ring of strength (right hand)
 q - an uncursed ring of sustain abilities
 s - an amulet of the gourmand (around neck)
 t - a cursed ring of hunger
 u - an uncursed amulet of inaccuracy {unknown}
 A - an uncursed ring of flight
 I - an uncursed amulet of rage
Potions
 r - 3 potions of brilliance
 x - 2 potions of curing
 z - 4 potions of restore abilities
 C - a potion of flight
 K - a potion of degeneration
Books
 c - a book of Annihilations {highlevel}

   This book is beyond your current level of understanding.

   Spells                             Type                      Level
   Poison Arrow                       Conjuration/Poison           6
   Orb of Destruction                 Conjuration                  7
   Chain Lightning                    Conjuration/Air              8
   Lehudib's Crystal Spear            Conjuration/Earth            8
   Ice Storm                          Conjuration/Ice              9
   Fire Storm                         Conjuration/Fire             9
 P - a book of the Tempests

   Spells                             Type                      Level
   Static Discharge                   Conjuration/Air              3
   Lightning Bolt                     Conjuration/Air              5
   Fireball                           Conjuration/Fire             5
   Tornado                            Air                          9
   Shatter                            Earth                        9
 U - a book of Flames

   Spells                             Type                      Level
   Flame Tongue                       Conjuration/Fire             1
   Throw Flame                        Conjuration/Fire             2
   Conjure Flame                      Conjuration/Fire             3
   Inner Flame                        Hexes/Fire                   3
   Sticky Flame                       Conjuration/Fire             4
   Fireball                           Conjuration/Fire             5
Miscellaneous
 m - a fan of gales
Rods
 b - a +2 rod of the swarm (14/14)
   (You took it off a minotaur in a labyrinth)


   Skills:
 - Level 4.3 Fighting
 - Level 18.0 Long Blades
 - Level 1.7 Throwing
 + Level 8.2 Armour
 - Level 11.2 Dodging


You had 12 spell levels left.
You didn't know any spells.

Dungeon Overview and Level Annotations

Branches:
Dungeon (11/27)            Temple (1/1) D:5             Orc (0/4) D:7
   Lair (8/8) D:11          Snake (0/5) Lair:3
  Swamp: Lair:3-6    Shoals: Lair:3-6    Spider: Lair:3-6     Slime: Lair:6-8

Altars:
Ashenzari
Cheibriados
Elyvilon
Fedhas
Kikubaaqudgha
Makhleb
Nemelex Xobeh
Okawaru
Sif Muna
Trog
Vehumet
Xom
Yredelemnul
Zin
the Shining One
Jiyva

Shops:
D:7: =![

Portals:
Trove: D:11 (give +5,+4 demon whip)

Annotations
D:10 Harold, Psyche
Lair:1 smajdalf's ghost, powerful DrCj
Lair:8 exclusion: oklob plant


Innate Abilities, Weirdness & Mutations

You have a pair of horns on your head.
You are mostly covered in slimy green scales (AC +3).
Your flesh is cold resistant.
You are very good at protecting items from cold.
You sometimes gain power by taking damage.
You are agile (Dex +1).
You are dopey (Int -2).


Message History

You feel sick.
You feel a little better. The spiny frog closely misses you.
You barely miss the spiny frog.
The spiny frog is severely wounded.
The spiny frog stings you!
* * * LOW HITPOINT WARNING * * *
You are more poisoned.
The spiny frog poisons you!
You hit the spiny frog. You burn the spiny frog.
The spiny frog is severely wounded.
* * * LOW HITPOINT WARNING * * *
You feel sick. The spiny frog stings you!
* * * LOW HITPOINT WARNING * * *
Drink which item? (? for menu, Esc to quit)
You feel better. The spiny frog stings you!
* * * LOW HITPOINT WARNING * * *
Drink which item? (? for menu, Esc to quit)
You feel better. The spiny frog stings you!
You die...

#......<....# ,
###.........# ..
#.........###P..
###........##P.(≈..
#........##.PPP≈..≈≈
#.......#....PPP.≈≈≈
#............PP..≈≈≈
##%.%.......≈≈..≈≈≈≈
#.#@F.....P≈≈%..≈P≈≈
#........P.≈.≈.{≈≈≈≈
#........##f≈..≈≈≈≈≈
##.......Pff..P≈.≈≈≈
#.#.............≈≈≈≈
#...........fP.P≈P≈
###P..........≈≈.≈
#P........f.P.P≈
##P........≈≈


You could see a spiny frog.

Vanquished Creatures
  A minotaur (Lab)
  Erica (Lair:2)
  5 hydras
  A spriggan druid (Lair:7)
  3 hill giants
  Pikel (D:6)
  The ghost of disskorpion the Insei, an experienced OpMo of Cheibriados (D:6)
  A griffon (Lair:4)
  3 black mambas (Lair:6)
  13 elephants (Lair:5)
  An elephant slug (Lair:6)
  14 spiny frogs
  2 trolls
  A giant leech (Lair:8)
  27 blink frogs
  A basilisk (Lair:7)
  A two-headed ogre (D:8)
  3 komodo dragons
  2 grizzly bears (Lair:7)
  26 yaks
  7 vampire mosquitoes
  A fire drake (Lair:7)
  A wraith (D:10)
  3 hippogriffs
  4 necrophages (D:11)
  Menkaure (D:6)
  12 wolves
  A wyvern skeleton (D:7)
  An ice beast (D:9)
  A phantom (D:8)
  A yellow wasp (D:8)
  6 porcupines
  3 black bears
  4 centaurs
  An orc warrior (D:9)
  An ogre (D:4)
  2 nagas (Lair:3)
  6 crocodiles
  Sigmund (D:6)
  A giant goldfish (D:7)
  8 giant slugs
  2 rotting devils (D:11)
  A gnoll sergeant (D:7)
  11 giant frogs
  7 water moccasins
  8 agate snails
  A centaur skeleton (D:8)
  A two-headed ogre skeleton (D:7)
  5 jellyfish
  5 electric eels
  8 killer bees
  2 crimson imps
  2 orc priests (D:9)
  A spider (Lab)
  2 goliath beetles
  7 big fish
  11 hounds
  3 orc wizards
  9 iguanas
  3 scorpions
  A hound skeleton (D:9)
  9 worker ants
  6 sheep
  Terence (D:3)
  22 adders
  73 green rats
  A scorpion zombie (D:6)
  A giant centipede (Lair:5)
  An inept item mimic (D:3)
  A giant mite (D:6)
  8 worms
  3 giant eyeballs
  6 giant geckos
  A gnoll skeleton (D:6)
  An ooze (D:4)
  21 orcs
  27 bats
  10 giant cockroaches
  11 goblins
  14 hobgoblins
  23 jackals
  9 quokkas
  4 training dummies (D:6)
  A ball python (D:3)
  2 giant newts
  8 kobolds
  A kobold skeleton (D:7)
  31 rats
  4 ballistomycetes (D:6)
  A butterfly (Lab)
565 creatures vanquished.

Vanquished Creatures (others)
  A slave (D:6)
  An orc priest (D:11)
  An orc wizard (D:11)
  2 adders (Lair:7)
  A hobgoblin (D:8)
  A ball python (D:1)
  A giant spore (D:6)
  A hobgoblin skeleton (D:4)
  A kobold (D:7)
  A ballistomycete (D:6)
  8 fungi
  3 plants
22 creatures vanquished.

Grand Total: 587 creatures vanquished

Notes
Turn   | Place    | Note
--------------------------------------------------------------
     0 | D:1      | JacquesDerrida, the Demonspawn Gladiator, began the quest for the Orb.
     0 | D:1      | Reached XP level 1. HP: 17/17 MP: 0/0
   120 | D:1      | Reached skill level 3 in Long Blades
   182 | D:1      | Gained mutation: You are partially covered in slimy green scales (AC +2). [demonic ancestry]
   182 | D:1      | Reached XP level 2. HP: 16/23 MP: 1/1
   750 | D:2      | Found a glowing silver altar of Zin.
   799 | D:2      | Found a radiant altar of Vehumet.
   800 | D:2      | Found a white marble altar of Elyvilon.
   802 | D:2      | Found a blossoming altar of Fedhas.
   803 | D:2      | Found an ancient bone altar of Kikubaaqudgha.
   804 | D:2      | Found a sparkling altar of Nemelex Xobeh.
   862 | D:2      | Gained mutation: You have a pair of small horns on your head. [demonic ancestry]
   862 | D:2      | Reached XP level 3. HP: 17/28 MP: 2/2
  1063 | D:2      | Reached skill level 4 in Long Blades
  1342 | D:3      | Gained mutation: Your flesh is cold resistant. [demonic ancestry]
  1342 | D:3      | Reached XP level 4. HP: 23/35 MP: 3/3
  1612 | D:3      | Found a snail-covered altar of Cheibriados.
  1644 | D:3      | Reached skill level 5 in Long Blades
  1679 | D:3      | Noticed Terence
  1735 | D:3      | Killed Terence
  1855 | D:4      | Paralysed by a potion of paralysis for 4 turns
  1865 | D:4      | Reached XP level 5. HP: 28/40 MP: 4/4
  2450 | D:4      | Noticed an ogre
  2548 | D:4      | HP: 2/40 [ogre/giant club (15)]
  2555 | D:4      | Killed an ogre
  2555 | D:4      | Reached skill level 6 in Long Blades
  2555 | D:4      | Reached XP level 6. HP: 3/46 MP: 5/5
  3355 | D:4      | Noticed an ogre
  3375 | D:5      | Entered Level 5 of the Dungeon
  3429 | D:5      | Found a staircase to the Ecumenical Temple.
  3444 | Temple   | Entered the Ecumenical Temple
  3496 | Temple   | Became a worshipper of Ashenzari the Shackled
  3816 | D:5      | Found a burning altar of Makhleb.
  3867 | D:5      | Reached skill level 7 in Long Blades
  4431 | D:5      | Paralysed by a giant eyeball for 4 turns
  4519 | D:5      | Reached XP level 7. HP: 17/51 MP: 6/6
  4790 | D:6      | Noticed disskorpion's ghost (experienced OpMo)
  4810 | D:6      | Found a glowing golden altar of the Shining One.
  5029 | D:5      | Identified a scroll of acquirement
  5032 | D:5      | Got the cursed sabre "Renur" {speed, Str+3 Stlth++}
  5034 | D:5      | Identified the cursed -5,-3 sabre "Renur" {speed, Str+3 Stlth++} (You acquired it on level 5 of the Dungeon)
  5355 | D:7      | Found Wounen's Jewellery Shoppe.
  5376 | D:7      | Found Paorumes' Distillery.
  5383 | D:7      | Bought a potion of curing for 30 gold pieces
  5439 | D:7      | Reached skill level 8 in Long Blades
  5617 | D:7      | Found Uthiph's Antique Armour Emporium.
  5629 | D:7      | Bought a dyed leather armour for 56 gold pieces
  5753 | D:7      | Gained mutation: You are mostly covered in slimy green scales (AC +3). [demonic ancestry]
  5753 | D:7      | Reached XP level 8. HP: 58/58 MP: 7/7
  5822 | D:7      | Reached skill level 9 in Long Blades
  6028 | D:7      | Noticed a yak
  6028 | D:7      | Noticed a yak
  6029 | D:7      | Noticed a yak
  6029 | D:7      | Noticed a yak
  6030 | D:7      | Noticed a yak
  6236 | D:7      | Found a staircase to the Orcish Mines.
  6643 | D:7      | Bought a potion of curing for 30 gold pieces
  6643 | D:7      | Bought 2 potions of agility for 75 gold pieces
  6643 | D:7      | Bought a potion of agility for 37 gold pieces
  6643 | D:7      | Bought a potion of heal wounds for 45 gold pieces
  6643 | D:7      | Bought a potion of curing for 30 gold pieces
  6643 | D:7      | Bought a potion of heal wounds for 45 gold pieces
  6762 | D:6      | Found an iron altar of Okawaru.
  6807 | D:6      | Killed disskorpion's ghost
  6807 | D:6      | Reached skill level 10 in Long Blades
  6807 | D:6      | Gained mutation: You sometimes gain a little power by taking damage. [demonic ancestry]
  6807 | D:6      | Reached XP level 9. HP: 28/63 MP: 8/8
  7018 | D:6      | Noticed Menkaure
  7054 | D:6      | Killed Menkaure
  7078 | D:6      | Noticed Sigmund
  7084 | D:6      | Noticed Pikel
  7109 | D:6      | Killed Pikel
  7109 | D:6      | Reached skill level 11 in Long Blades
  7129 | D:6      | Killed Sigmund
  7534 | D:7      | Noticed a yak
  7547 | D:6      | Killed a yak
  8052 | D:8      | Reached skill level 12 in Long Blades
  8497 | D:8      | Noticed a hill giant
  9148 | D:9      | Found a glowing silver altar of Zin.
  9265 | D:9      | Gained mutation: You are very good at protecting items from cold. [demonic ancestry]
  9265 | D:9      | Reached XP level 10. HP: 65/69 MP: 9/9
  9751 | D:9      | Reached skill level 13 in Long Blades
 10044 | D:10     | Entered Level 10 of the Dungeon
 10258 | D:10     | Noticed a hill giant
 10344 | D:9      | Killed a hill giant
 10443 | D:10     | Noticed Psyche
 10443 | D:10     | Noticed a hill giant
 10457 | D:9      | Killed a hill giant
 10607 | D:10     | Noticed Harold
 10792 | D:9      | Reached skill level 14 in Long Blades
 11161 | D:10     | Found a viscous altar of Jiyva.
 11166 | D:11     | Noticed a hill giant
 11175 | D:11     | Killed a hill giant
 11553 | D:11     | Found a portal to a secret trove of treasure.
 11592 | D:11     | Paralysed by a giant eyeball for 3 turns
 11600 | D:11     | Paralysed by a giant eyeball for 4 turns
 11684 | D:11     | Reached XP level 11. HP: 73/73 MP: 10/10
 11694 | D:11     | Found a staircase to the Lair.
 11707 | Lair:1   | Entered Level 1 of the Lair of Beasts
 11856 | Lair:1   | Reached skill level 15 in Long Blades
 12147 | Lair:1   | Noticed an eight-headed hydra
 12511 | Lair:2   | Found a labyrinth entrance.
 12531 | Lab      | Entered a labyrinth
 13491 | Lab      | Acquired Ashenzari's first power
 14176 | Lab      | Noticed a minotaur
 14176 | Lab      | Identified the +1,+6 whip of Causality {drain, SInv}
 14178 | Lab      | Gained mutation: You are dopey (Int -1). [potion of mutation]
 14178 | Lab      | Gained mutation: You are dopey (Int -2). [potion of mutation]
 14178 | Lab      | Gained mutation: You are agile (Dex +1). [potion of mutation]
 14217 | Lab      | Killed a minotaur
 14217 | Lab      | Identified a rod of the swarm (You took it off a minotaur in a labyrinth)
 14285 | Lab      | Identified the ring of the Turtledove {Regen rF+ Int+2} (You found it in a labyrinth)
 14544 | Lair:2   | Noticed Erica
 14647 | Lair:2   | Reached skill level 5 in Dodging
 14865 | Lair:2   | Noticed an eight-headed hydra
 15342 | Lair:3   | Noticed a seven-headed hydra
 15456 | Lair:3   | Found a staircase to the Snake Pit.
 16179 | Lair:1   | Noticed smajdalf's ghost (powerful DrCj)
 16398 | Lair:2   | Killed Erica
 16626 | Lair:3   | Killed a five-headed hydra
 16637 | Lair:3   | Got the cursed ring mail of Pragmatism {Acc+4 Stlth}
 16952 | Lair:4   | Gained mutation: You have a pair of horns on your head. [demonic ancestry]
 16952 | Lair:4   | Reached XP level 12. HP: 81/84 MP: 11/11
 17125 | Lair:4   | Noticed a seven-headed hydra
 17198 | Lair:5   | Reached skill level 10 in Dodging
 17967 | Lair:5   | Reached skill level 16 in Long Blades
 18247 | Lair:5   | Noticed a five-headed hydra
 18261 | Lair:5   | Killed a hydra
 18596 | Lair:6   | Acquired Ashenzari's second power
 18608 | Lair:6   | Noticed a five-headed hydra
 18608 | Lair:6   | Reached skill level 17 in Long Blades
 18616 | Lair:6   | Killed a hydra
 19127 | Lair:6   | Gained mutation: You sometimes gain power by taking damage. [demonic ancestry]
 19127 | Lair:6   | Reached XP level 13. HP: 84/89 MP: 12/12
 19568 | Lair:7   | Noticed a spriggan druid
 19735 | Lair:7   | HP: 1/89 [blink frog (11)]
 20049 | Lair:8   | Entered Level 8 of the Lair of Beasts
 20098 | Lair:7   | Reached skill level 18 in Long Blades
 20169 | Lair:7   | Reached skill level 1 in Armour
 20418 | Lair:7   | Killed a spriggan druid
 20460 | Lair:7   | Noticed an eight-headed hydra
 20476 | Lair:7   | Killed a three-headed hydra
 20476 | Lair:7   | Reached skill level 5 in Armour
 21322 | Lair:8   | Noticed a seven-headed hydra
 21341 | Lair:8   | Killed a two-headed hydra
 21359 | Lair:8   | Slain by a spiny frog

Action                   |  1- 3 |  4- 6 |  7- 9 | 10-12 | 13-15 || total
-------------------------+-------+-------+-------+-------+-------++-------
Melee: Falchion          |    90 |    84 |       |       |       ||   174
       Staff             |    38 |       |       |       |       ||    38
       Long sword        |       |   148 |   478 |   707 |       ||  1333
       Scimitar          |       |       |       |   520 |   365 ||   885
Throw: Throwing net      |       |     9 |       |     2 |       ||    11
       Dagger            |       |       |       |     3 |       ||     3
Evoke: Wand              |       |       |     4 |    40 |    20 ||    64
  Use: Scroll            |     4 |     8 |     9 |    12 |    12 ||    45
       Potion            |       |     5 |    10 |    17 |     3 ||    35
 Stab: Sleeping          |     2 |       |       |       |       ||     2
       Held in net/web   |       |     3 |       |       |       ||     3
